 Dungeon Crawl Stone Soup version 0.23-a0-584-g44dd78f40d (webtiles) character file.

397 Armakuni the Conjurer (level 7, 0/53 HPs)
             Began as a Human Wizard on Dec 17, 2018.
             Was an Initiate of Vehumet.
             Killed from afar by an orc wizard (7 damage)
             ... with a magic dart
             ... on level 4 of the Dungeon.
             The game lasted 00:14:56 (5325 turns).

Armakuni the Conjurer (Human Wizard)                Turns: 5325, Time: 00:14:57

Health: 0/53       AC:  7    Str:  7      XL:     7   Next: 10%
Magic:  8/11       EV: 12    Int: 20      God:    Vehumet [......]
Gold:   166        SH:  0    Dex: 11 (12) Spells: 5/12 levels left

rFire    . . .     SeeInvis +   h - +0 great sword (curse)
rCold    . . .     Gourm    .   (shield currently unavailable)
rNeg     . . .     Faith    .   c - +0 robe
rPois    .         Spirit   .   k - +1 hat
rElec    .         Reflect  .   (no cloak)
rCorr    .         Harm     .   i - +0 pair of gloves
MR       .....                  (no boots)
Stlth    +.........             R - amulet of rage
HPRegen  0.17/turn              I - ring of see invisible
MPRegen  0.12/turn              P - +3 ring of protection

@: confused, berserk cooldown, slowed, very slow
A: no striking features
a: Renounce Religion, Evoke Berserk Rage


You were on level 4 of the Dungeon.
You worshipped Vehumet.
Vehumet was noncommittal.
You were very hungry.

You visited 2 branches of the dungeon, and saw 6 of its levels.

You collected 210 gold pieces.
You spent 44 gold pieces at shops.

Inventory:

Hand Weapons
 a - a +0 hunting sling
 h - a cursed +0 great sword (weapon)
 j - a +0 short sword
Missiles
 n - 35 sling bullets
Armour
 c - a +0 robe (worn)
 i - a +0 pair of gloves (worn)
 k - a +1 hat (worn)
Jewellery
 I - a ring of see invisible (left hand)
 P - a +3 ring of protection (right hand)
 R - an amulet of rage (around neck)
Scrolls
 m - a scroll of fear
 o - a scroll of immolation
Potions
 e - 2 potions of curing
 f - 2 potions of berserk rage
 l - a potion of heal wounds
Comestibles
 b - 2 chunks of flesh
 d - 4 rations


   Skills:
 + Level 3.8 Fighting
 + Level 2.2 Dodging
 - Level 2.0 Stealth
 + Level 3.1 Spellcasting
 + Level 5.2 Conjurations
   Level 1.0 Summonings
   Level 1.0 Translocations


You had 5 spell levels left.
You knew the following spells:

 Your Spells              Type           Power        Failure   Level  Hunger
c - Conjure Flame         Conj/Fire      ##......     14%         3    ###....
m - Mephitic Cloud        Conj/Pois/Air  ##......     21%         3    ###....
z - Magic Dart            Conj           ###.         1%          1    None

Your spell library contained the following spells:

 Spells                   Type           Power        Failure   Level  Hunger
 Apportation              Tloc           #.....       10%         1    None
 Summon Small Mammal      Summ           #...         10%         1    None
 Animate Skeleton         Necr           N/A          14%         1    None
 Confusing Touch          Hex            #.....       14%         1    None
 Blink                    Tloc           N/A          14%         2    ##.....
 Call Imp                 Summ           #.......     14%         2    ##.....
 Slow                     Hex            #.......     22%         2    ##.....
 Gell's Gravitas          Tloc           #.........   28%         3    ###....
 Confuse                  Hex            #.......     38%         3    ###....
 Petrify                  Tmut/Erth      #.......     80%         4    ####...
 Metabolic Englaciation   Hex/Ice        #.........   98%         5    ######.
 Yara's Violent Unravell  Hex/Tmut       #.........   98%         5    ######.


Dungeon Overview and Level Annotations

Branches:
Dungeon (5/15)             Temple (1/1) D:4

Altars:
Ashenzari
Cheibriados
Elyvilon
Fedhas
Kikubaaqudgha
Makhleb
Nemelex Xobeh
Qazlal
Ru
Sif Muna
Uskayaw
Vehumet
Wu Jian
Xom
Yredelemnul
Zin

Shops:
D:4 =

Annotations:
D:3 Purgy


Message History

* * * LOW HITPOINT WARNING * * *
The orc wizard hits you but does no damage.
You climb upwards.
There is a stone staircase leading down, spattered with blood here.
Unknown command.
Casting: Magic Dart (safe; 1% risk of failure)
Confirm with . or Enter, or press ? or * to list all spells.
Aiming: Mephitic Cloud (safe; 21% risk of failure)
Press: ? - help, Shift-Dir - straight line, f - you That beam is likely to hit you.
Continue anyway?
The ball explodes into a vile cloud!
The stinking cloud engulfs you!
The stinking cloud engulfs the orc wizard. x2
The orc wizard is heavily wounded.
You are engulfed in noxious fumes.
You choke on the stench!
You are confused.
* * * LOW HITPOINT WARNING * * *
The orc wizard hits you but does no damage.
The orc wizard casts a spell at you. The magic dart hits you!
You die...

..'......'.#.......## #.#
'##......#.#.....### #.#
..#......#)#.#.#.#########.#
..########.#....[..........#
..# #†###...########### ..#
###)##............# ..#
####.#.##....#######.#
..###.......#..)§# #...#
..#.........'..o@# #.#.######
..#.........#..)o# #.#......#
..#.........##.#)# #.#.####.#
..#..........#.#.#
#.#.#....###
..###........#)#.#
#.#.#.####.. '##
#....##......#####.#........#
.#
#....###.#.........###.##..##
.# #....#
#.#.........###.#..##. .#
#....# #.#.........'.....##..


You could see 2 orc wizards.

Vanquished Creatures
  A scorpion (D:4)
  A crimson imp (D:4)
  A hound (D:4)
  An orc priest (D:4)
  An orc wizard (D:5)
  Natasha (D:4)
  2 worker ants (D:4)
  3 gnolls (D:4)
  5 adders
  2 oozes (D:2)
  13 orcs
  3 ball pythons
  8 bats
  2 giant cockroaches
  7 goblins
  4 hobgoblins
  A quokka (D:3)
  2 frilled lizards
  7 kobolds
  7 rats
72 creatures vanquished.

Vanquished Creatures (others)
  An iguana (D:4)
  An adder (D:4)
2 creatures vanquished.

Grand Total: 74 creatures vanquished

Notes
Turn   | Place    | Note
-------+----------+-------------------------------------------
     0 | D:1      | Armakuni the Human Wizard began the quest for the Orb.
     0 | D:1      | Reached XP level 1. HP: 13/13 MP: 4/4
    11 | D:1      | You fall through a shaft!
   127 | D:2      | Reached skill level 1 in Fighting
   226 | D:1      | Reached XP level 2. HP: 21/21 MP: 3/6
  1107 | D:1      | Reached XP level 3. HP: 28/28 MP: 4/7
  1726 | D:2      | Learned a level 3 spell: Mephitic Cloud
  1837 | D:2      | Reached XP level 4. HP: 35/35 MP: 2/8
  2008 | D:3      | Noticed a sky beast
  2530 | D:3      | Learned a level 3 spell: Conjure Flame
  3096 | D:3      | Noticed Purgy
  3879 | D:4      | Reached skill level 2 in Conjurations
  3879 | D:4      | Reached XP level 5. HP: 42/42 MP: 5/9
  3912 | D:4      | Reached skill level 3 in Conjurations
  4122 | D:4      | Found a staircase to the Ecumenical Temple.
  4160 | Temple   | Entered the Ecumenical Temple
  4202 | Temple   | Became a worshipper of Vehumet
  4462 | D:4      | Reached XP level 6. HP: 48/48 MP: 0/10
  4586 | D:4      | Found Fomenla's Jewellery Shoppe.
  4591 | D:4      | Bought a cursed amulet of inaccuracy for 22 gold pieces
  4591 | D:4      | Bought a cursed -2 ring of intelligence for 22 gold pieces
  4595 | D:4      | Noticed Natasha
  4601 | D:4      | Killed Natasha
  4601 | D:4      | Reached skill level 4 in Conjurations
  4921 | D:5      | Entered Level 5 of the Dungeon
  4996 | D:4      | Reached skill level 5 in Conjurations
  5204 | D:4      | Reached XP level 7. HP: 53/53 MP: 11/11
  5325 | D:4      | Killed from afar by an orc wizard

Vault maps used:
D:1:      evilmike_arrival_crescent
D:2:      minmay_chambers_of_ones
D:3:      kennysheep_crisscross, uniq_purgy
D:4:      minmay_temple_entry_waves, serial_curves, eino_curves_04,
          eino_curves_01, serial_shops, shop, first_ration,
          nicolae_ossuary_entry_false_entrances, lemuel_old_faithful,
          uniq_natasha
D:5:      grunt_ministairs_2
Temple:   eino_temple_rhombus

Skill      XL: |  1  2  3  4  5  6 |
---------------+-------------------+-----
Fighting       | 1 2 3 |  3.8
Conjurations   | 2 3 5 |  5.2
Dodging        | |  2.2
Stealth        | |  2.0
Spellcasting   | |  3.1
Summonings     | |  1.0
Translocations | |  1.0

Action                   |  1- 3 |  4- 6 |  7- 9 || total
-------------------------+-------+-------+-------++-------
Melee: Short sword       |     2 |       |       ||     2
       Hunting sling     |       |     2 |       ||     2
       Great sword       |       |    25 |     8 ||    33
 Fire: Hunting sling     |    11 |    67 |       ||    78
 Cast: Magic Dart        |    76 |    74 |       ||   150
       Mephitic Cloud    |       |     7 |     1 ||     8
       Conjure Flame     |       |     4 |       ||     4
 Abil: Evoke Berserk Rag |       |     4 |     1 ||     5
  Use: Scroll            |     3 |     5 |       ||     8
       Potion            |     1 |     7 |       ||     8
  Eat: Ration            |     1 |     2 |       ||     3
       Chunk             |       |     7 |     1 ||     8
Armor: Robe              |     4 |    42 |    15 ||    61
Dodge: Dodged            |    26 |    97 |    26 ||   149
       Rpst.: Great sword |       |    13 |     6 ||    19

Table legend:
 A = Non-vault XP
 B = Vault XP
 C = Vault XP percentage of total XP
 D = Non-vault monster count
 E = Vault monster count
 F = Vault count percentage of total count
                 A         B        C        D         E       F
            +---------+---------+-------+---------+---------+-------
      Total |     432 |     136 |  23.9 |      59 |      13 |  18.1
            +---------+---------+-------+---------+---------+-------
        D:1 |      23 |       0 |   0.0 |      14 |       0 |   0.0
        D:2 |      50 |       8 |  13.8 |      19 |       5 |  20.8
        D:3 |      18 |       0 |   0.0 |       8 |       0 |   0.0
        D:4 |     298 |     128 |  30.0 |      16 |       8 |  33.3
        D:5 |      43 |       0 |   0.0 |       2 |       0 |   0.0
            +---------+---------+-------+---------+---------+-------
